 Seeded DCSS version 0.29-a0-1019-g84f7d21838 (webtiles) character file.

Game seed: 20220811 (custom seed)

618 purpskrrrp the Cudgeller (level 7, 0/53 HPs)
             Began as a Demonspawn Fighter on Aug 11, 2022.
             Slain by an orc wizard
             ... wielding a +0 dagger
              (1 damage)
             ... on level 4 of the Dungeon.
             The game lasted 00:10:52 (3372 turns).

purpskrrrp the Cudgeller (Demonspawn Fighter)       Turns: 3372, Time: 00:10:52

Health: 0/53       AC: 17    Str: 19    XL:     7   Next: 21%
Magic:  7/7        EV:  7    Int:  9    God:
Gold:   96         SH:  5    Dex: 12    Spells: 6/6 levels left

rFire   . . .      SeeInvis .   a - +0 flail
rCold   . . .      Faith    .   c - +0 buckler
rNeg    . . .      Spirit   .   k - +0 storm dragon scales
rPois   .          Reflect  .   e - +1 helmet
rElec   +          Harm     .   q - scarf {+Inv}
rCorr   +          Rampage  .   l - +0 pair of gloves
Will    .....                   (no boots)
Stlth   ..........              (no amulet)
HPRegen 0.17/turn               j - ring of resist corrosion
MPRegen 0.10/turn               (no ring)

@: mighty, studying Throwing
A: thin metallic scales 1, demonic guardian 1
a: Evoke Invisibility


You were on level 4 of the Dungeon.
You visited 1 branch of the dungeon, and saw 4 of its levels.

You collected 96 gold pieces.

Inventory:

Hand Weapons
 a - a +0 flail (weapon)
Armour
 b - a +0 scale mail
 c - a +0 buckler (worn)
 e - a +1 helmet (worn)
 k - +0 storm dragon scales (worn)
 l - a +0 pair of gloves (worn)
 q - a scarf of invisibility (worn)
Jewellery
 j - a ring of resist corrosion (left hand)
Wands
 o - a wand of flame (24)
 u - a wand of paralysis (12)
Scrolls
 f - 5 scrolls of enchant weapon {unknown}
 g - 2 scrolls of teleportation
 m - a scroll of blinking {unknown}
 r - a scroll of identify {unknown}
 t - a scroll of immolation {unknown}
Potions
 h - 4 potions of heal wounds {unknown}
 i - 3 potions of curing {unknown}
 n - 2 potions of attraction {unknown}
 p - 2 potions of haste {unknown}
 s - a potion of degeneration {unknown}


   Skills:
 + Level 3.7 Fighting
 * Level 4.8 Maces & Flails
 * Level 4.7 Armour
 + Level 0.8 Dodging
 + Level 0.3 Stealth
 * Level 4.0 Shields


You had 6 spell levels left.
You didn't know any spells.
Your spell library was empty.

Dungeon Overview and Level Annotations

Branches:
Dungeon (4/15)
 Temple: D:4-7

Altars:

Annotations:
D:4 Menkaure


Innate Abilities, Weirdness & Mutations

You are partially covered in thin metallic scales. (AC +2)
A weak demonic guardian rushes to your aid.


Message History

Menkaure is heavily damaged.
Menkaure closely misses you.
You hit Menkaure.
Menkaure is heavily damaged.
Menkaure hits you!
You are too injured to fight recklessly!
You are too injured to fight recklessly!
You are too injured to fight recklessly!
You closely miss Menkaure.
Menkaure is heavily damaged.
Menkaure gestures at you while chanting.
You struggle to resist.
You barely miss Menkaure.
Menkaure is heavily damaged.
Menkaure calls on the powers of darkness!
Your body is wracked with pain!
* * * LOW HITPOINT WARNING * * *
Okay, then.
Okay, then.
As you read the scroll labelled ILENAOL KAAX HYQAI, it crumbles to dust.
You feel strangely unstable.
It was a scroll of teleportation.
You thump Menkaure!
Menkaure is severely damaged.
Menkaure calls on the powers of darkness!
Your body is wracked with pain!
* * * LOW HITPOINT WARNING * * *
A demonic guardian appears!
You hit Menkaure.
Menkaure is almost destroyed.
Your surroundings suddenly seem different.
The orc wizard shouts!
You feel very mighty all of a sudden.
The orc wizard gestures at you while chanting.
The puff of flame hits you!
* * * LOW HITPOINT WARNING * * *
The orc wizard gestures at you while chanting.
The magic dart hits you but does no damage.
You closely miss the orc wizard.
The orc wizard hits you with a +0 dagger.
You die...

#############
##.....#.....##
#.............##
...............#
...............#
...............#
...........@o..#########
.......)...............#
...............####..[.###
#...............# #......#
##.....#.....##.###....#.###
########)#####........#....
#)# #.............
#.#########....##...
#.)..### #....##...


You could see an orc wizard.

Vanquished Creatures
  Sigmund (D:2)
  A phantom (D:4)
  A scorpion (D:3)
  A howler monkey (D:4)
  A gnoll bouda (D:4)
  Jessica (D:2)
  Natasha (thrice) (D:2)
  An orc wizard (D:3)
  4 gnolls (D:4)
  6 adders
  2 worms (D:2)
  2 dart slugs (D:1)
  6 orcs
  5 ball pythons
  5 endoplasms
  4 giant cockroaches
  5 goblins
  5 hobgoblins
  4 jackals (D:4)
  A kobold (D:3)
  3 quokkas
  4 bats
  2 frilled lizards
  4 rats
72 creatures vanquished.

Vanquished Creatures (collateral kills)
  A goblin (D:3)
1 creature vanquished.

Vanquished Creatures (others)
  A plant (D:1)
1 creature vanquished.

Grand Total: 74 creatures vanquished

Notes
Turn   | Place    | Note
-------+----------+-------------------------------------------
     0 | D:1      | purpskrrrp the Demonspawn Fighter began the quest for the
                  | Orb.
     0 | D:1      | Reached XP level 1. HP: 18/18 MP: 1/1
   331 | D:1      | Gained mutation: You are partially covered in thin metallic
                  | scales. (AC +2) [demonic ancestry]
   331 | D:1      | Reached XP level 2. HP: 24/24 MP: 2/2
   859 | D:2      | Noticed Natasha
   874 | D:2      | Noticed a crimson imp
   874 | D:2      | Killed Natasha
   875 | D:2      | Reached XP level 3. HP: 11/29 MP: 3/3
  1164 | D:2      | Noticed Jessica
  1184 | D:2      | Killed Jessica
  1185 | D:2      | Reached XP level 4. HP: 15/35 MP: 4/4
  1319 | D:2      | Noticed Natasha
  1331 | D:2      | Killed Natasha
  1522 | D:2      | Noticed Natasha
  1530 | D:2      | Killed Natasha
  1531 | D:2      | Reached XP level 5. HP: 25/41 MP: 5/5
  1774 | D:2      | Noticed Sigmund
  1782 | D:2      | Killed Sigmund
  1783 | D:2      | Gained mutation: A weak demonic guardian rushes to your
                  | aid. [demonic ancestry]
  1783 | D:2      | Reached XP level 6. HP: 33/47 MP: 6/6
  2312 | D:3      | Found a faded altar of an unknown god.
  2836 | D:4      | Reached XP level 7. HP: 46/53 MP: 7/7
  2972 | D:4      | Noticed Menkaure
  3370 | D:4      | HP: 1/53 [orc wizard/puff of flame (7)]
  3372 | D:4      | Slain by an orc wizard

Illustrated notes

Levels and vault maps discovered:
D:1:      dpeg_arrival_shelter, layout_loops_ring, serial_bayou,
          serial_bayou_pond_e, serial_bayou_lake_a, serial_bayou_shore_b,
          serial_bayou_pond_e, minmay_fountain_box
D:2:      layout_rooms, minmay_circle_x, uniq_natasha, uniq_jessica,
          uniq_sigmund
D:3:      layout_basic, ebering_ecumenical_altar_rust
D:4:      layout_rooms, uniq_menkaure

Skill      XL: |  1  2  3  4  5  6  7 |
---------------+----------------------+-----
Shields        | 3 4 |  4.0
Armour         | 3 4 |  4.7
Maces & Flails | 2 3 4 |  4.8
Fighting       | |  3.7
Dodging        | |  0.8
Stealth        | |  0.3

Action                   |  1- 3 |  4- 6 |  7- 9 || total
-------------------------+-------+-------+-------++-------
Melee: Flail             |    86 |   165 |    48 ||   299
  Use: Scroll            |       |       |     1 ||     1
       Potion            |       |       |     1 ||     1
Armor: Scale mail        |    24 |       |       ||    24
       Storm dragon scal |    38 |   134 |    42 ||   214
Dodge: Dodged            |    30 |    71 |    21 ||   122
Block: Buckler           |    16 |    44 |     9 ||    69

Table legend: (Time is in decaauts)
 A = Elapsed time spent in this place.
 B = Non-inter-level travel time spent in this place.
 C = Inter-level travel time spent in this place.
 D = Time resting spent in this place.
 E = Time spent auto-exploring this place.
 F = Levels seen in this place.
 G = Mean time per level.
                   A        B        C        D        E       F      G
               +--------+--------+--------+--------+--------+-----+--------+
         Total |   3501 |   3233 |    268 |    834 |   1706 |   4 |  875.2 |
       Dungeon |   3501 |   3233 |    268 |    834 |   1706 |   4 |  875.2 |
               +--------+--------+--------+--------+--------+-----+--------+

Top non-repeatable levels by time:
     D:1: 1129 daAuts
     D:2: 1020 daAuts
     D:3: 934 daAuts
     D:4: 417 daAuts
